 Dungeon Crawl Stone Soup version bcrawl-1.41.1 (webtiles) character file.

Game seed: 2523588519962377252

356106 TheWayOfAllFlesh the Basher (level 11, 62/72 HPs)
             Began as a Gargoyle Monk on Apr 17, 2024.
             Was the Champion of Zin.
             Starved to death
             ... on level 10 of the Dungeon.
             The game lasted 00:27:28 (10322 turns).

TheWayOfAllFlesh the Basher (Gargoyle Monk)        Turns: 10322, Time: 00:27:29

Health: 62/72      AC: 19    Str: 18    XL:     11   Next: 56%
Magic:  16/16      EV: 11    Int: 11    God:    Zin [******]
Gold:   168        SH:  8    Dex: 15    Spells: 10/10 levels left

rFire    x . .     GDR:     40% L - +0 morningstar
rCold    + + .     SeeInvis .   G - +2 buckler {AC+3}
rNeg     + . .     Gourm    .   E - +0 ring mail {rC+}
rPois    ∞         Faith    .   a - +1 hat {MR+}
rElec    +         Spirit   .   (no cloak)
rCorr    .         Reflect  .   t - +0 pair of gloves
MR       ++...                  (no boots)
Stlth    +.........             I - amulet "Rikheb" {Acrobat MR+ Dex+3}
HPRegen  0.22/turn              e - ring of insulation
MPRegen  0.15/turn              k - ring of ice

@: fainting
A: negative energy resistance 1, electricity resistance, partial torment
resistance, unbreathing, petrification resistance, rot immunity, AC +8
a: Recite, Vitalisation, Manna, Imprison, Sanctuary, Donate Gold, Renounce
Religion


You were on level 10 of the Dungeon.
You worshipped Zin.
Zin was exalted by your worship.
You were fainting.

You visited 2 branches of the dungeon, and saw 11 of its levels.
You also visited: Ossuary and Bailey.

You collected 796 gold pieces.
You spent 549 gold pieces at shops.
You donated 79 gold pieces to Zin.

Inventory:

Hand Weapons
 L - a +0 morningstar (weapon)
Armour
 a - a +1 hat of magic resistance (worn)
 b - a +0 medium shield
 t - a +0 pair of gloves (worn)
 C - a +0 plate armour
 E - a +0 ring mail of cold resistance (worn)
 G - a +2 buckler of protection (worn)
 K - a +0 helmet of see invisible
Jewellery
 e - a ring of insulation (left hand)
 k - a ring of ice (right hand)
 I - the amulet "Rikheb" (around neck) {Acrobat MR+ Dex+3}
   (You bought it in a shop on level 7 of the Dungeon)

   [amulet of the acrobat]

   It helps you evade while moving and waiting.
   It affects your dexterity (+3).
   It affects your resistance to hostile enchantments.
Wands
 c - a wand of iceblast (11)
 i - a wand of random effects (6)
Scrolls
 f - a scroll of remove curse
 g - a scroll of amnesia
 h - 2 scrolls of enchant weapon
 j - 2 scrolls of noise
 v - 2 scrolls of fog
 D - 2 scrolls of teleportation {unknown}
 F - a scroll of blinking {unknown}
 H - 3 scrolls of revelation {unknown}
 N - a scroll of torment {unknown}
Potions
 l - 2 potions of flight
 m - 3 potions of agility
 n - a potion of might
 o - 4 potions of lignification
 q - a potion of resistance
 s - 3 potions of cancellation
 u - 2 potions of haste {unknown}
 w - 2 potions of heal wounds
 x - 7 potions of magic
 z - 2 potions of mutation {unknown}
 A - 5 potions of curing
 B - 2 potions of berserk rage {unknown}
 J - a potion of brilliance {unknown}


   Skills:
 + Level 10.0 Fighting
 + Level 11.9 Maces & Flails
 + Level 6.4 Armour
 - Level 2.4 Dodging
 - Level 2.4 Stealth
 + Level 5.4 Shields
 + Level 7.8 Invocations


You had 10 spell levels left.
You didn't know any spells.
Your spell library contained the following spells:

 Spells                   Type           Power        Failure   Level  Hunger
 Beastly Appendage        Tmut           #.....       73%         1    None
 Slow                     Hex            #.......     73%         1    None
 Summon Small Mammal      Summ           #...         73%         1    None
 Ensorcelled Hibernation  Hex/Ice        #.....       86%         2    ####...
 Passwall                 Tmut/Erth      #.......     86%         2    ####...
 Sticks to Snakes         Tmut           #.......     86%         2    ####...
 Confuse                  Hex            #.......     97%         3    #####..
 Dazzling Orbs            Conj/Hex       #......      97%         3    #####..
 Recall                   Summ/Tloc      N/A          97%         3    #####..
 Spider Form              Tmut/Pois      #..          97%         3    #####..
 Tukima's Dance           Hex            #.......     97%         3    #####..
 Cause Fear               Hex            #.........   100%        4    ######.
 Ice Form                 Ice/Tmut       #.......     100%        4    ######.
 Petrify                  Tmut/Erth      #.........   100%        4    ######.
 Yara's Violent Unravell  Hex/Tmut       #.........   100%        4    ######.
 Blade Hands              Tmut           #.........   100%        5    #######
 Necromutation            Tmut/Necr      #.......     100%        8    #######


Dungeon Overview and Level Annotations

Branches:
Dungeon (10/12)            Temple (1/1) D:4            Lair (0/6) D:7
    Orc: D:8-11

Altars:
Elyvilon
Fedhas
Gozag
Hepliaklqana
Kikubaaqudgha
Lugonu
Makhleb
Okawaru
Ru
Sif Muna
Uskayaw
Xom
Zin

Shops:
D:7 *

Annotations:
D:9 2 transporters


Innate Abilities, Weirdness & Mutations

You are resistant to torment.
Your stone body is resilient. (AC +8)
You are immune to poison.
You resist negative energy. (rN+)
You are resistant to electric shocks. (rElec)
You are less affected by unholy pain and torment.
You can survive without breathing.
You are immune to petrification.
You are immune to rotting.


Message History

You closely miss the goblin. You block the goblin's attack.
You bludgeon the goblin!!
You kill the goblin!
You closely miss the orc. You block the orc's attack.
The orc wizard casts a spell.
The orc wizard flickers and vanishes!
Deactivating autopickup; reactivate with Ctrl-A.
Your ring mail prevents you from hitting the orc.
You block the orc's attack.
You thump the orc!
You kill the orc!
Something hits you but does no damage.
Items here: ))) [ † a +0 whip; a +0 club; a +0 quarterstaff; a +0 robe; an orc corpse You hit something but do no damage.
You block something's attack.
You closely miss something.
Something hits you but does no damage. x2
You closely miss something. You hit something.
You have starved to death.
You die...

###...........#
####..[.......#
..............#
.###..o.......#
.###..........#
..............####
.###..........##<#
.# ####........#)#
.# #........#@# .#
##...o.S..#{# .#
#.(......g#o#
#+#.....o.#o#
+.......#.#
#+#.........#
#######
....[......###
#......
#...........##
#.#####
#............# #)#


You could see an orc warrior and an orc.

Vanquished Creatures
  Psyche (D:9)
  A two-headed ogre (D:10)
  A wizard (D:10)
  Pikel (D:6)
  An orc knight (Bailey)
  A cyclops (D:8)
  4 trolls
  A hippogriff (D:9)
  Grum (D:9)
  10 yaks
  A hungry ghost (D:6)
  Menkaure (D:6)
  A crocodile (D:9)
  A water moccasin (D:9)
  A porcupine (D:7)
  2 sky beasts
  4 slaves (D:5)
  3 orc warriors
  3 phantoms
  An ice beast (D:10)
  3 ogres
  4 wolves (D:8)
  2 kobold brigands
  6 bullfrogs
  Blork the orc (D:6)
  A centaur (D:4)
  2 scorpions
  4 killer bees
  2 orc priests
  3 crimson imps
  2 howler monkeys
  4 jellies
  A quasit (D:4)
  3 hounds
  A bullfrog skeleton (D:4)
  An iron imp (D:5)
  3 iguanas
  2 orc wizards
  2 worker ants (D:7)
  2 hound zombies (D:7)
  3 hound skeletons (D:7)
  8 mummies (Ossuary)
  A howler monkey zombie (D:7)
  25 gnolls
  A howler monkey skeleton (D:7)
  13 adders
  2 oozes
  3 adder skeletons
  A dart slug (D:3)
  4 leopard geckos
  26 orcs
  4 giant cockroaches
  2 gnoll zombies (Ossuary)
  13 hobgoblins
  14 jackals
  28 kobolds
  5 quokkas
  2 ball pythons (D:1)
  5 bats
  3 frilled lizards
  12 goblins
  4 kobold zombies (Ossuary)
  2 orc zombies (Ossuary)
  7 rats
277 creatures vanquished.

Notes
Turn   | Place    | Note
-------+----------+-------------------------------------------
     0 | D:1      | TheWayOfAllFlesh the Gargoyle Monk began the quest for the
                  | Orb.
     0 | D:1      | Reached XP level 1. HP: 14/14 MP: 2/2
   152 | D:1      | Reached XP level 2. HP: 19/19 MP: 3/3
   662 | D:2      | Reached skill level 4 in Maces & Flails
   662 | D:2      | Reached XP level 3. HP: 14/23 MP: 2/4
   748 | D:2      | Found a glowing silver altar of Zin.
   774 | D:2      | Became a worshipper of Zin the Law-Giver
   774 | D:2      | Reached * piety under Zin
   774 | D:2      | Reached ** piety under Zin
   930 | D:2      | Found a faded altar of an unknown god.
  1177 | D:1      | Reached XP level 4. HP: 25/28 MP: 5/5
  1493 | D:2      | Reached skill level 5 in Maces & Flails
  1801 | D:3      | Reached XP level 5. HP: 30/32 MP: 4/6
  2017 | D:3      | Reached *** piety under Zin
  2198 | D:3      | Reached skill level 6 in Maces & Flails
  2643 | D:3      | Found a hazy altar of Hepliaklqana.
  2827 | D:4      | Found a staircase to the Ecumenical Temple.
  2882 | D:4      | Reached **** piety under Zin
  2891 | Temple   | Entered the Ecumenical Temple
  2929 | D:4      | Reached XP level 6. HP: 23/38 MP: 4/7
  2991 | D:4      | Noticed a phantom
  3029 | D:4      | Killed a phantom
  3330 | D:4      | Got a buzzing halberd
  3438 | D:4      | Found a white marble altar of Elyvilon.
  3450 | D:4      | Reached skill level 7 in Maces & Flails
  3450 | D:4      | Reached XP level 7. HP: 40/44 MP: 6/8
  3529 | D:4      | Identified the +8 halberd of Hatred {drain, rN+ Str+3
                  | Dex-4} (You found it on level 4 of the Dungeon)
  3719 | D:5      | Entered Level 5 of the Dungeon
  3860 | D:6      | Noticed Pikel
  4087 | D:5      | Reached skill level 5 in Fighting
  4248 | D:5      | Reached skill level 8 in Maces & Flails
  4403 | D:5      | Identified Huraop's Handbook of Shifting Summoning
  4495 | D:5      | Found a burning altar of Makhleb.
  4872 | D:6      | Killed Pikel
  4873 | D:6      | Reached skill level 9 in Maces & Flails
  4873 | D:6      | Reached XP level 8. HP: 25/51 MP: 2/9
  4978 | D:6      | Noticed Menkaure
  4987 | D:6      | Killed Menkaure
  5523 | D:6      | Noticed Blork the orc
  5539 | D:6      | Killed Blork the orc
  5593 | D:6      | Reached XP level 9. HP: 55/56 MP: 11/11
  5832 | D:7      | Found a flagged portal.
  5842 | Bailey   | Entered a bailey
  5873 | Bailey   | Reached skill level 10 in Maces & Flails
  6116 | Bailey   | Noticed an orc knight
  6128 | Bailey   | Killed an orc knight
  6384 | D:7      | Found a sand-covered staircase.
  6402 | Ossuary  | Entered an ossuary
  6410 | Ossuary  | Reached ***** piety under Zin
  6422 | Ossuary  | Reached skill level 1 in Armour
  6720 | Ossuary  | Reached ****** piety under Zin
  6805 | D:7      | Noticed a troll
  6819 | D:7      | Killed a troll
  7024 | D:7      | Reached skill level 5 in Invocations
  7171 | D:7      | Found Riucumauch's Assorted Antiques.
  7184 | D:7      | Reached XP level 10. HP: 48/64 MP: 8/14
  7226 | D:7      | Bought a runed buckler for 180 gold pieces
  7226 | D:7      | Bought an ancient golden amulet for 120 gold pieces
  7226 | D:7      | Bought a golden potion for 21 gold pieces
  7226 | D:7      | Bought a shiny helmet for 180 gold pieces
  7226 | D:7      | Bought a scroll of identify for 48 gold pieces
  7226 | D:7      | Identified the amulet "Rikheb" {Acrobat MR+ Dex+3} (You
                  | bought it in a shop on level 7 of the Dungeon)
  7444 | D:6      | Reached skill level 11 in Maces & Flails
  7459 | D:7      | Reached skill level 1 in Shields
  7481 | D:7      | Found a staircase to the Lair.
  7862 | D:8      | Found an ancient bone altar of Kikubaaqudgha.
  7912 | D:8      | Noticed a cyclops
  7933 | D:8      | Killed a cyclops
  8442 | D:8      | Found a hide-covered altar of Uskayaw.
  8792 | D:8      | Reached skill level 5 in Armour
  9242 | D:9      | Noticed a deep troll earth mage
  9243 | D:9      | Found an iron altar of Okawaru.
  9249 | D:9      | Found a transporter.
  9250 | D:9      | Noticed Grum
  9481 | D:8      | Reached XP level 11. HP: 71/71 MP: 16/16
  9495 | D:9      | Killed Grum
  9517 | D:9      | Found a transporter.
  9546 | D:9      | Noticed Psyche
  9553 | D:9      | Killed Psyche
  9801 | D:9      | Found a shimmering altar of Xom.
  9804 | D:9      | Found an opulent altar of Gozag.
  9807 | D:9      | Found a corrupted altar of Lugonu.
  9808 | D:9      | Found a white marble altar of Elyvilon.
  9808 | D:9      | Found a sacrificial altar of Ru.
  9815 | D:9      | Found a blossoming altar of Fedhas.
 10043 | D:10     | Entered Level 10 of the Dungeon
 10045 | D:10     | Identified a scroll of acquirement
 10045 | D:10     | Identified the ring "Ymnaust" {MR+ Dex+4} (You acquired it
                  | on level 10 of the Dungeon)
 10124 | D:10     | Reached skill level 5 in Shields
 10197 | D:10     | Noticed a two-headed ogre
 10214 | D:10     | Killed a two-headed ogre
 10252 | D:10     | Noticed a wizard
 10312 | D:10     | Killed a wizard
 10313 | D:10     | Reached skill level 10 in Fighting
 10322 | D:10     | Starved to death

Skill      XL: |  1  2  3  4  5  6  7  8  9 10 11 |
---------------+----------------------------------+-----
Maces & Flails | 4 5 6 7 9 10 11 | 11.9
Fighting       | 4 6 8 9 10 | 10.0
Invocations    | 3 5 6 7 |  7.8
Armour         | 3 5 6 |  6.4
Shields        | 4 5 |  5.4
Dodging        | |  2.4
Stealth        | |  2.4

Action                   |  1- 3 |  4- 6 |  7- 9 | 10-12 || total
-------------------------+-------+-------+-------+-------++-------
Melee: Mace              |    97 |   206 |   537 |   417 ||  1257
       Morningstar       |       |       |       |    67 ||    67
Invok: Recite            |     5 |     3 |    25 |    13 ||    46
       Vitalisation      |       |       |       |     1 ||     1
Evoke: Wand              |       |       |     9 |     3 ||    12
  Use: Potion            |       |     5 |     1 |     1 ||     7
       Scroll            |       |     4 |     1 |     7 ||    12
 Stab: Sleeping          |     4 |     3 |       |       ||     7
       Invisible         |       |     1 |     1 |       ||     2
       Confused          |       |       |     8 |     5 ||    13
       Paralysed         |       |       |     1 |     7 ||     8
       Petrified         |       |       |       |     1 ||     1
  Eat: Chunk             |     3 |    10 |     9 |     7 ||    29
       Ration            |       |     1 |     5 |     4 ||    10
Armor: Robe              |    38 |    59 |       |       ||    97
       Ring mail         |       |    15 |     7 |    12 ||    34
       Scale mail        |       |       |   283 |   195 ||   478
Dodge: Dodged            |    69 |   125 |   318 |   187 ||   699
Block: Buckler           |       |       |       |   181 ||   181
